 Dungeon Crawl Stone Soup version 0.31-a0-940-gdaa99269f9 (webtiles) character file.

Game seed: 16283262070901688583

338 Naiya55 the Chiller (level 6, -5/49 HPs)
             Began as a Naga Ice Elementalist on Oct 21, 2023.
             Slain by Duvessa
             ... wielding a +0 rapier
              (14 damage)
             ... on level 4 of the Dungeon.
             The game lasted 00:05:59 (2992 turns).

Naiya55 the Chiller (Naga Ice Elementalist)         Turns: 2992, Time: 00:06:00

Health: -5/49      AC:  3    Str: 11    XL:     6   Next: 55%
Magic:  1/9        EV:  9    Int: 17    God:
Gold:   114        SH:  0    Dex: 11    Spells: 5/9 levels left

rFire   . . .        x - +2 dagger (venom)
rCold   . . .        (no shield)
rNeg    . . .        a - +0 robe
rPois   +            (no helmet)
rElec   .            (no cloak)
rCorr   .            (no gloves)
SInv    +            (no barding)
Will    .....        (no amulet)
Stlth   ++           (no ring)
HPRegen 0.28/turn    (no ring)
MPRegen 0.11/turn

%: no passive effects
@: freezing walls, very slow
A: AC +2, large, see invisible, deformed body, poison resistance, slowness 2,
spit poison 1, naga tail 1
a: Spit Poison


You were on level 4 of the Dungeon.
You visited 2 branches of the dungeon, and saw 5 of its levels.

You collected 114 gold pieces.

Inventory:

Hand Weapons
 x - a +2 dagger of venom (weapon)
Missiles
 c - 3 poisoned darts (quivered)
Armour
 a - a +0 robe (worn)
 s - an orb of mayhem
Jewellery
 g - an amulet of faith
Wands
 o - a wand of mindburst (11)
Scrolls
 d - 2 scrolls of fog {unknown}
 f - 3 scrolls of noise {unknown}
 h - a scroll of poison {unknown}
 j - a scroll of brand weapon {unknown}
 k - a scroll of teleportation {unknown}
 m - 4 scrolls of identify {unknown}
 n - a scroll of amnesia {unknown}
 p - a scroll of butterflies {unknown}
 q - a scroll of enchant armour {unknown}
 v - a scroll of fear {unknown}
Potions
 b - a potion of magic
 e - a potion of enlightenment {unknown}
 i - a potion of resistance {unknown}
 l - 3 potions of curing {unknown}
 r - 2 potions of heal wounds {unknown}
 t - a potion of haste {unknown}
 u - 2 potions of might {unknown}
 w - a potion of lignification {unknown}
 z - a potion of ambrosia {unknown}
 A - a potion of attraction {unknown}


   Skills:
 - Level 1.5 Dodging
 - Level 3.0 Stealth
 - Level 2.0 Spellcasting
 + Level 7.6 Ice Magic


You had 5 spell levels left.
You knew the following spells:

 Your Spells              Type           Power      Damage    Failure   Level
a - Freeze                Ice            100%       1d10      1%          1
b - Frozen Ramparts       Ice            54%        1d9       2%          3

Your spell library contained the following spells:

 Spells                   Type           Power      Damage    Failure   Level
 Ozocubu's Armour         Ice            27%        N/A       2%          3
 Sandblast                Erth           2%         2d4       19%         1
 Passwall                 Tmut/Erth      0%         N/A       28%         2
 Summon Ice Beast         Ice/Summ       14%        N/A       36%         4
 Stone Arrow              Conj/Erth      2%         3d7       50%         3
 Brom's Barrelling Bould  Conj/Erth      1%         2d3       88%         4


Dungeon Overview and Level Annotations

Branches:
Dungeon (4/15)             Temple (1/1) D:4

Altars:
Cheibriados
Elyvilon
Fedhas
Gozag
Hepliaklqana
Kikubaaqudgha
Nemelex Xobeh
Qazlal
Sif Muna
Trog
Uskayaw
Wu Jian
Xom
Yredelemnul
Zin
The Shining One

Shops:
D:2 ?

Annotations:
D:4 Dowan, Duvessa


Innate Abilities, Weirdness & Mutations

Your serpentine skin is tough. (AC +2)
You have supernaturally acute eyesight. (SInv)
Armour fits poorly on your strangely shaped body.
Your system is resistant to poisons. (rPois)
You cover ground very slowly.
You can spit poison.
You have a snake-like lower body.


Message History

Confirm with . or Enter, or press ? or * to list all spells.
Aiming: Freeze (safe; 1% risk of failure)
Press: ? - help, Shift-Dir - straight line, f/p - Duvessa
Aim: Duvessa, wielding a +0 rapier and wearing a +0 leather armour (moderately wounded, fast, poisoned)
You freeze Duvessa.
Duvessa is moderately wounded.
You have got your breath back.
The wall freezes Duvessa.
Duvessa hits you with a +0 rapier!
Casting: Freeze (safe; 1% risk of failure)
Confirm with . or Enter, or press ? or * to list all spells.
Aiming: Freeze (safe; 1% risk of failure)
Press: ? - help, Shift-Dir - straight line, f/p - Duvessa
Aim: Duvessa, wielding a +0 rapier and wearing a +0 leather armour (heavily wounded, fast, poisoned)
You freeze Duvessa.
Duvessa is heavily wounded.
The wall freezes Duvessa but does no damage.
Duvessa hits you with a +0 rapier.
The wall freezes Duvessa but does no damage.
Duvessa hits you with a +0 rapier!
Casting: Freeze (safe; 1% risk of failure)
Confirm with . or Enter, or press ? or * to list all spells.
Aiming: Freeze (safe; 1% risk of failure)
Press: ? - help, Shift-Dir - straight line, f/p - Duvessa
Aim: Duvessa, wielding a +0 rapier and wearing a +0 leather armour (heavily wounded, fast, poisoned)
You freeze Duvessa.
Duvessa is severely wounded.
The wall freezes Duvessa but does no damage.
Duvessa hits you with a +0 rapier.
Casting: Freeze (safe; 1% risk of failure)
Confirm with . or Enter, or press ? or * to list all spells.
Aiming: Freeze (safe; 1% risk of failure)
Press: ? - help, Shift-Dir - straight line, f/p - Duvessa
Aim: Duvessa, wielding a +0 rapier and wearing a +0 leather armour (severely wounded, fast, poisoned)
You freeze Duvessa.
Duvessa is severely wounded.
The wall freezes Duvessa.
Duvessa hits you with a +0 rapier!
* * * LOW HITPOINT WARNING * * *
The wall freezes Duvessa but does no damage.
Duvessa hits you with a +0 rapier!
You die...

.......>........#.####...+..>
....................##...#.⌠.
.....................#...#...
.........................###'
#.......)....................
#.<.....e....................
.....................#.......
#..##..#.##e#.......##......[
#. #..#.##.@..#...###...(...
#..##....#####...............
........# ###....#.#...(..
#..#..#.# ##...#.##.....
##....>.## #.#.#...###..
###..#..## ####.#..##......
#......###.............#.
#.....................#
#....####.###...<†.....#


You could see Duvessa (fast, poisoned) and Dowan.

Vanquished Creatures
  Sigmund (D:2)
  An orc priest (D:3)
  A hound (D:4)
  An orc wizard (D:3)
  2 adders (D:4)
  2 worms (D:2)
  A dart slug (D:1)
  7 orcs
  5 ball pythons
  2 endoplasms
  2 giant cockroaches
  2 goblins (D:2)
  6 hobgoblins
  3 jackals (D:3)
  9 kobolds
  2 quokkas (D:1)
  3 bats
  A frilled lizard (D:1)
  5 rats
56 creatures vanquished.

Vanquished Creatures (collateral kills)
  An adder (D:3)
1 creature vanquished.

Grand Total: 57 creatures vanquished

Notes
Turn   | Place    | Note
-------+----------+-------------------------------------------
     0 | D:1      | Naiya55 the Naga Ice Elementalist began the quest for the
                  | Orb.
     0 | D:1      | Reached XP level 1. HP: 15/15 MP: 3/3
   338 | D:1      | Reached XP level 2. HP: 11/22 MP: 0/5
  1068 | D:2      | Found Pixkajoull's Magic Scroll Shoppe.
  1128 | D:2      | Reached XP level 3. HP: 28/28 MP: 4/6
  1132 | D:2      | Learned a level 3 spell: Frozen Ramparts
  1331 | D:2      | Reached skill level 5 in Ice Magic
  1441 | D:2      | Noticed Sigmund
  1454 | D:2      | Killed Sigmund
  1455 | D:2      | Reached skill level 6 in Ice Magic
  1455 | D:2      | Reached XP level 4. HP: 29/36 MP: 2/7
  1455 | D:2      | Reached XP level 5. HP: 34/42 MP: 2/8
  2111 | D:3      | Reached skill level 7 in Ice Magic
  2111 | D:3      | Reached XP level 6. HP: 41/49 MP: 5/9
  2741 | D:4      | Found a staircase to the Ecumenical Temple.
  2768 | Temple   | Entered the Ecumenical Temple
  2946 | D:4      | Noticed Dowan
  2980 | D:4      | Noticed Duvessa
  2992 | D:4      | Slain by Duvessa

Illustrated notes

Levels and vault maps discovered:
D:1:      psy_arrival_wood_between_worlds, layout_rooms, serial_curves,
          eino_curves_04, eino_curves_04, patterned_corridor
D:2:      layout_basic, serial_shops, shop, minmay_tetromino_s4, uniq_sigmund
D:3:      layout_rooms, minmay_misc_feat_roman
D:4:      layout_rooms, minmay_temple_entry_hall, uniq_duvessa,
          uniq_crazy_yiuf_cottage, uniq_pikel, uniq_edmund, uniq_eustachio
Temple:   eino_temple_rhombus

Skill      XL: |  1  2  3  4  5 |
---------------+----------------+-----
Ice Magic      | 6 7 |  7.6
Dodging        | |  1.5
Stealth        | |  3.0
Spellcasting   | |  2.0

Action                     |  1- 3 |  4- 6 || total
---------------------------+-------+-------++-------
  Melee: Unarmed           |     9 |       ||     9
         Short sword       |     2 |    10 ||    12
         Dagger            |       |    14 ||    14
  Throw: Dart              |       |     3 ||     3
   Cast: Freeze            |    35 |    21 ||    56
         Frozen Ramparts   |       |     9 ||     9
Ability: Spit Poison       |     4 |     3 ||     7
   Stab: Sleeping          |     1 |       ||     1
 Armour: Robe              |    37 |    37 ||    74
  Dodge: Dodged            |     9 |    21 ||    30

Table legend: (Time is in decaauts)
 A = Elapsed time spent in this place.
 B = Non-inter-level travel time spent in this place.
 C = Inter-level travel time spent in this place.
 D = Time resting spent in this place.
 E = Time spent auto-exploring this place.
 F = Levels seen in this place.
 G = Mean time per level.
                   A        B        C        D        E       F      G
               +--------+--------+--------+--------+--------+-----+--------+
         Total |   3818 |   3604 |    214 |     51 |   2858 |   5 |  763.6 |
       Dungeon |   3770 |   3571 |    199 |     51 |   2858 |   4 |  942.5 |
        Temple |     47 |     32 |     15 |      0 |      0 |   1 |   47.0 |
               +--------+--------+--------+--------+--------+-----+--------+

Top non-repeatable levels by time:
     D:2: 1335 daAuts
     D:1: 1218 daAuts
     D:3: 906 daAuts
     D:4: 309 daAuts
  Temple: 47 daAuts
